SNL (28 & UNDER)
WEST VIRGINIA POWER @ MEMPHIS BLUES
06/12/2027
 
TOP OF THE 1ST
West Virginia Power batting - Pitching for Memphis Blues : RHP Lloyd Harmon
Pitching: RHP Lloyd Harmon
Batting: LHB Júlio Martínez 0-0: Called Strike
0-1: Ball
1-1: Swinging Strike
1-2: Foul Ball, location: 2F
1-2: Ball
2-2: Foul Ball, location: 2F
2-2: Strikes out swinging
Batting: RHB Brett Bell 0-0: Swinging Strike
0-1: Foul Ball, location: 2F
0-2: Ball
1-2: Strikes out swinging
Batting: RHB Dave McGrath 0-0: Called Strike
0-1: Called Strike
0-2: Ball
1-2: Ball
2-2: Ball
3-2: SINGLE (Groundball, 34D)
Batting: RHB Tony Parker 0-0: Called Strike
0-1: Called Strike
Dave McGrath steals 2nd base
0-2: Ball
1-2: Ball
2-2: Ball
3-2: Base on Balls
Batting: LHB Héctor Soto 0-0: Ball
1-0: Ball
2-0: Ball
3-0: Called Strike
3-1: Base on Balls
Dave McGrath to third
Tony Parker to second
Batting: RHB Aaron Murray 0-0: Ball
1-0: Fly out, F9 (Flyball, 9S)
Top of the 1st over - 0 run(s), 1 hit(s), 0 error(s), 3 left on base; West Virginia 0 - Memphis 0
BOTTOM OF THE 1ST
Memphis Blues batting - Pitching for West Virginia Power : RHP Rod Day
Pitching: RHP Rod Day
Batting: RHB Glenn Melican 0-0: Called Strike
0-1: Ball
1-1: Reached on error, E5 (Groundball, 56)
Batting: RHB Dave Wookey 0-0: Ball
1-0: Called Strike
1-1: Foul Ball, location: 2F
1-2: Strikes out swinging
Batting: SHB Terry Dailey 0-0: Called Strike
Glenn Melican is caught stealing 2nd base
0-1: Called Strike
0-2: Strikes out swinging
Bottom of the 1st over - 0 run(s), 0 hit(s), 1 error(s), 0 left on base; West Virginia 0 - Memphis 0
TOP OF THE 2ND
West Virginia Power batting - Pitching for Memphis Blues : RHP Lloyd Harmon
Batting: RHB Jesse McKnight 0-0: Called Strike
0-1: Ball
1-1: Called Strike
1-2: Ball
2-2: Strikes out swinging
Batting: SHB Waylon Adams 0-0: Ball
1-0: Ball
2-0: Ball
3-0: Base on Balls
Batting: SHB Clint Woods 0-0: Ball
1-0: Swinging Strike
1-1: Ball
2-1: Fly out, F6 (Line Drive, 6)
Batting: LHB Júlio Martínez 0-0: Called Strike
0-1: Ball
1-1: Called Strike
1-2: Fielders Choice at 2nd, 4-6 (Groundball, 4)
Top of the 2nd over - 0 run(s), 0 hit(s), 0 error(s), 0 left on base; West Virginia 0 - Memphis 0
BOTTOM OF THE 2ND
Memphis Blues batting - Pitching for West Virginia Power : RHP Rod Day
Batting: RHB Irwin Duncan 0-0: Ball
1-0: Ball
2-0: Ball
3-0: Base on Balls
Batting: LHB John Foster 0-0: Ball
1-0: Foul Ball, location: 2F
1-1: Called Strike
1-2: Fly out, F7 (Flyball, 78M)
Batting: RHB Jaime Spiridon 0-0: Ball
1-0: Foul Ball, location: 2F
1-1: Ball
2-1: Ball
3-1: Swinging Strike
3-2: Foul Ball, location: 2F
3-2: Base on Balls
Irwin Duncan to second
Batting: RHB José Velázquez 0-0: Ground out 5-3 (Groundball, 56S)
Irwin Duncan to third
Jaime Spiridon to second
Batting: RHB Artie Green 0-0: Called Strike
0-1: Ball
1-1: Foul Ball, location: 2F
1-2: DOUBLE (Line Drive, 7LM)
Irwin Duncan scores
Jaime Spiridon scores
Batting: RHB David Crespo 0-0: Called Strike
0-1: Foul Ball, location: 2F
0-2: Ball
1-2: Strikes out swinging
Bottom of the 2nd over - 2 run(s), 1 hit(s), 0 error(s), 1 left on base; West Virginia 0 - Memphis 2
TOP OF THE 3RD
West Virginia Power batting - Pitching for Memphis Blues : RHP Lloyd Harmon
Batting: RHB Brett Bell 0-0: Ball
1-0: Foul Ball, location: 2F
1-1: Foul Ball, location: 2F
1-2: DOUBLE (Line Drive, 89M) - OUT at third base trying to stretch hit.
Batting: RHB Dave McGrath 0-0: Foul Ball, location: 2F
0-1: Swinging Strike
0-2: Ball
1-2: Strikes out swinging
Batting: RHB Tony Parker 0-0: Called Strike
0-1: Ball
1-1: Ball
2-1: Foul Ball, location: 2F
2-2: Foul Ball, location: 2F
2-2: Ball
3-2: SINGLE (Groundball, 34D)
Batting: LHB Héctor Soto 0-0: Ball
1-0: Ball
2-0: Ball
3-0: Base on Balls
Tony Parker to second
Batting: RHB Aaron Murray 0-0: Ball
1-0: Reached on error, E1 (Groundball, 15S)
Tony Parker scores
Héctor Soto to third
Batting: RHB Jesse McKnight 0-0: Called Strike
0-1: Fly out, F8 (Flyball, 8LS)
Top of the 3rd over - 1 run(s), 2 hit(s), 1 error(s), 2 left on base; West Virginia 1 - Memphis 2
BOTTOM OF THE 3RD
Memphis Blues batting - Pitching for West Virginia Power : RHP Rod Day
Batting: RHB Glenn Melican 0-0: Ball
1-0: Called Strike
1-1: Ball
2-1: Fly out, F7 (Flyball, 7S)
Batting: RHB Dave Wookey 0-0: Ball
1-0: Ball
2-0: Foul Ball, location: 2F
2-1: Called Strike
2-2: Ball
3-2: Foul Ball, location: 2F
3-2: Foul Ball, location: 2F
3-2: Foul Ball, location: 2F
3-2: Strikes out looking
Batting: SHB Terry Dailey 0-0: Ball
1-0: Called Strike
1-1: Called Strike
1-2: Ball
2-2: Strikes out swinging
Bottom of the 3rd over - 0 run(s), 0 hit(s), 0 error(s), 0 left on base; West Virginia 1 - Memphis 2
TOP OF THE 4TH
West Virginia Power batting - Pitching for Memphis Blues : RHP Lloyd Harmon
Batting: SHB Waylon Adams 0-0: Called Strike
0-1: Ball
1-1: Fly out, F4 (Popup, 34)
Batting: SHB Clint Woods 0-0: Called Strike
0-1: Ball
1-1: Ball
2-1: Called Strike
2-2: Foul Ball, location: 2F
2-2: Strikes out swinging
Batting: LHB Júlio Martínez 0-0: Called Strike
0-1: Foul Ball, location: 2F
0-2: Ball
1-2: Strikes out swinging
Top of the 4th over - 0 run(s), 0 hit(s), 0 error(s), 0 left on base; West Virginia 1 - Memphis 2
BOTTOM OF THE 4TH
Memphis Blues batting - Pitching for West Virginia Power : RHP Rod Day
Batting: RHB Irwin Duncan 0-0: Called Strike
0-1: Ball
1-1: Ball
2-1: Swinging Strike
2-2: Ball
3-2: Foul Ball, location: 2F
3-2: SINGLE (Line Drive, 8LS)
Batting: LHB John Foster 0-0: Ball
1-0: Called Strike
1-1: Grounds into double play, 1-6-3 (Groundball, P)
Batting: RHB Jaime Spiridon 0-0: Swinging Strike
0-1: Ball
1-1: Swinging Strike
1-2: Strikes out swinging
Bottom of the 4th over - 0 run(s), 1 hit(s), 0 error(s), 0 left on base; West Virginia 1 - Memphis 2
TOP OF THE 5TH
West Virginia Power batting - Pitching for Memphis Blues : RHP Lloyd Harmon
Batting: RHB Brett Bell 0-0: Called Strike
0-1: Ball
1-1: Foul Ball, location: 2F
1-2: Strikes out swinging
Batting: RHB Dave McGrath 0-0: Ball
1-0: Called Strike
1-1: Ball
2-1: Foul Ball, location: 2F
2-2: Fly out, F6 (Popup, 5D)
Batting: RHB Tony Parker 0-0: SINGLE (Line Drive, 9LS)
Batting: LHB Héctor Soto 0-0: Ball
Tony Parker steals 2nd base
1-0: Ball
2-0: Ball
3-0: Called Strike
3-1: Swinging Strike
3-2: SINGLE (Groundball, 6MD)
Tony Parker to third
Tony Parker scores
Pitching: LHP António Dávila
Batting: RHB Aaron Murray 0-0: Ball
1-0: Ball
2-0: Ball
3-0: Base on Balls
Héctor Soto to second
Batting: RHB Jesse McKnight 0-0: Called Strike
0-1: Called Strike
0-2: Ball
1-2: Foul Ball, location: 2F
1-2: Foul Ball, location: 2F
1-2: Ball
2-2: Strikes out swinging
Top of the 5th over - 1 run(s), 2 hit(s), 0 error(s), 2 left on base; West Virginia 2 - Memphis 2
BOTTOM OF THE 5TH
Memphis Blues batting - Pitching for West Virginia Power : RHP Rod Day
Batting: RHB José Velázquez 0-0: Ball
1-0: Foul Ball, location: 2F
1-1: Called Strike
1-2: Foul Ball, location: 2F
1-2: Ball
2-2: Ball
3-2: Strikes out swinging, 2-3 out at first.
Batting: RHB Artie Green 0-0: SOLO HOME RUN (Flyball, 9D), Distance : 382 ft
Batting: RHB David Crespo 0-0: Called Strike
0-1: Called Strike
0-2: Ball
1-2: Ball
2-2: Foul Ball, location: 2F
2-2: SINGLE (Groundball, 4S) (infield hit)
Batting: RHB Glenn Melican 0-0: Ball
1-0: Swinging Strike
1-1: Ball
2-1: Swinging Strike
2-2: Foul Ball, location: 2F
2-2: Foul Ball, location: 2F
2-2: Ball
Wild Pitch!
David Crespo to second
3-2: Foul Ball, location: 2F
3-2: Foul Ball, location: 2F
3-2: Ground out 6-3 (Groundball, 6)
Pitching: RHP Don Shelton
Batting: RHB Dave Wookey 0-0: Called Strike
0-1: Ball
1-1: Foul Ball, location: 2F
1-2: Ball
2-2: Strikes out swinging
Bottom of the 5th over - 1 run(s), 2 hit(s), 0 error(s), 1 left on base; West Virginia 2 - Memphis 3
TOP OF THE 6TH
West Virginia Power batting - Pitching for Memphis Blues : RHP Juan Martínez
Pitching: RHP Juan Martínez
Batting: SHB Waylon Adams 0-0: Ground out 1-3 (Groundball, 13S)
Batting: SHB Clint Woods 0-0: Ball
1-0: Ball
2-0: Ball
3-0: Base on Balls
Batting: LHB Júlio Martínez 0-0: Ball
1-0: Foul Ball, location: 2F
1-1: Ball
2-1: Ball
3-1: Foul Ball, location: 2F
3-2: Ground out 4-3 (Groundball, 4S)
Clint Woods to second
Batting: RHB Brett Bell 0-0: Ball
1-0: Ball
2-0: Foul Ball, location: 2F
2-1: Swinging Strike
2-2: Foul Ball, location: 2F
2-2: Foul Ball, location: 2F
2-2: Fly out, F5 (Popup, 5L)
Top of the 6th over - 0 run(s), 0 hit(s), 0 error(s), 1 left on base; West Virginia 2 - Memphis 3
BOTTOM OF THE 6TH
Memphis Blues batting - Pitching for West Virginia Power : RHP Don Shelton
Batting: SHB Terry Dailey 0-0: Called Strike
0-1: Ball
1-1: Foul Ball, location: 2F
1-2: Ground out 3-1 (Groundball, 34)
Batting: RHB Irwin Duncan 0-0: Foul Ball, location: 2F
0-1: Ball
1-1: Swinging Strike
1-2: Strikes out looking
Batting: LHB John Foster 0-0: Ball
1-0: Ball
2-0: Called Strike
2-1: Ball
3-1: Base on Balls
Batting: RHB Jaime Spiridon 0-0: Ball
1-0: Called Strike
1-1: Swinging Strike
1-2: Strikes out swinging
Bottom of the 6th over - 0 run(s), 0 hit(s), 0 error(s), 1 left on base; West Virginia 2 - Memphis 3
TOP OF THE 7TH
West Virginia Power batting - Pitching for Memphis Blues : RHP Juan Martínez
Batting: RHB Dave McGrath 0-0: Ball
1-0: Ball
2-0: Ball
3-0: Base on Balls
Pinch Hitting: RHB Roberto Tobías 0-0: Ball
Dave McGrath steals 2nd base
1-0: DOUBLE (Line Drive, 8RXD)
Dave McGrath scores
Pinch Hitting: LHB José González 0-0: Intentional Walk
Pitching: RHP Larry West
Batting: RHB Aaron Murray 0-0: Reached on error, E6 (Groundball, 6)
Roberto Tobías to third
José González to second
Batting: RHB Jesse McKnight 0-0: SINGLE (Line Drive, 7LS)
Roberto Tobías scores
José González to third
Aaron Murray to second
Runner from 3rd tries for Home, SAFE, throw made home
Batting: SHB Waylon Adams 0-0: Grounds into double play, 3-6-3 (Groundball, 34)
Aaron Murray to third
Batting: SHB Clint Woods 0-0: Ball
1-0: Called Strike
1-1: Ball
2-1: Foul Ball, location: 2F
2-2: Fly out, F7 (Flyball, 7S)
Top of the 7th over - 3 run(s), 2 hit(s), 1 error(s), 1 left on base; West Virginia 5 - Memphis 3
BOTTOM OF THE 7TH
Memphis Blues batting - Pitching for West Virginia Power : RHP Don Shelton
Now at 3B: Ron Guillén
Now in LF: José González
Batting: RHB José Velázquez 0-0: Ball
1-0: Ball
2-0: Ball
3-0: Base on Balls
Batting: RHB Artie Green 0-0: Bunted foul
0-1: Ball
1-1: Bunted foul
1-2: DOUBLE (Flyball, 8RXD)
José Velázquez to third
Batting: RHB David Crespo 0-0: Called Strike
0-1: Swinging Strike
0-2: Foul Ball, location: 2F
0-2: Ball
1-2: Strikes out swinging
Pinch Hitting: LHB Alan McGilroy 0-0: Ball
1-0: Ball
2-0: Ball
3-0: Called Strike
3-1: Base on Balls
Batting: RHB Dave Wookey 0-0: Reached via error on a dropped throw, E4
José Velázquez scores
Artie Green to third
Alan McGilroy to second
Batting: SHB Terry Dailey 0-0: Called Strike
0-1: Foul Ball, location: 2F
0-2: Ball
Wild Pitch!
Artie Green scores
Alan McGilroy to third
Dave Wookey to second
1-2: Ball
2-2: Foul Ball, location: 2F
2-2: Ground out 6-3 (Groundball, 6)
Batting: RHB Irwin Duncan 0-0: Ball
1-0: Called Strike
1-1: Swinging Strike
1-2: Ball
2-2: Strikes out looking
Bottom of the 7th over - 2 run(s), 1 hit(s), 1 error(s), 2 left on base; West Virginia 5 - Memphis 5
TOP OF THE 8TH
West Virginia Power batting - Pitching for Memphis Blues : RHP Larry West
Now at 2B: Jorge Domínguez
Pinch Hitting: RHB Will Lott 0-0: Ball
1-0: Ball
2-0: Ball
3-0: Base on Balls
Batting: RHB Brett Bell 0-0: Bunted foul
0-1: Bunted foul
0-2: Ball
1-2: Ball
2-2: Ball
3-2: Base on Balls
Will Lott to second
Batting: RHB Dave McGrath 0-0: Foul Ball, location: 2F
0-1: Swinging Strike
0-2: Ball
1-2: Foul Ball, location: 2F
1-2: Strikes out looking
Pinch Hitting: RHB Lance Wolf 0-0: Foul Ball, location: 2F
0-1: Foul Ball, location: 2F
0-2: Strikes out swinging
Batting: LHB José González 0-0: Ball
1-0: Ball
2-0: Ball
3-0: Called Strike
3-1: Base on Balls
Will Lott to third
Brett Bell to second
Pinch Hitting: LHB Lúcio Anaya 0-0: Called Strike
0-1: Fly out, F9 (Flyball, 9)
Top of the 8th over - 0 run(s), 0 hit(s), 0 error(s), 3 left on base; West Virginia 5 - Memphis 5
BOTTOM OF THE 8TH
Memphis Blues batting - Pitching for West Virginia Power : RHP Don Shelton
Pitching: LHP Edmond Summers
Now at 3B: Lance Wolf
Now in LF: Lúcio Anaya
Now in CF: Claudio Morán
Batting: LHB John Foster 0-0: Called Strike
0-1: Fly out, F9 (Flyball, 89S)
Pitching: RHP Steve Snyder
Batting: RHB Jaime Spiridon 0-0: Ball
1-0: Foul Ball, location: 2F
1-1: Foul Ball, location: 2F
1-2: Ground out 5-3 (Groundball, 5S)
Batting: RHB José Velázquez 0-0: Ball
1-0: SINGLE (Line Drive, 78S)
Pinch Runner at 1st Mark Folger:
Pinch Hitting: RHB Chase Mueller 0-0: Ball
1-0: Ball
2-0: Fly out, F9 (Flyball, 9LSF)
Bottom of the 8th over - 0 run(s), 1 hit(s), 0 error(s), 1 left on base; West Virginia 5 - Memphis 5
TOP OF THE 9TH
West Virginia Power batting - Pitching for Memphis Blues : RHP Larry West
Pitching: RHP Tommy Waters
Now at SS: Chase Mueller
Now in CF: Mark Folger
Batting: RHB Jesse McKnight 0-0: Foul Ball, location: 2F
0-1: Ball
1-1: Ball
2-1: Ball
3-1: Called Strike
3-2: Base on Balls
Batting: SHB Waylon Adams 0-0: Sac Bunt - play at first, batter OUT! 3-4
Jesse McKnight to second
Batting: SHB Clint Woods 0-0: Intentional Walk
Batting: SHB Claudio Morán 0-0: Called Strike
Jesse McKnight steals 3rd base
Clint Woods to second
0-1: Ball
1-1: Intentional Walk
Batting: RHB Brett Bell 0-0: Ball
Wild Pitch!
Jesse McKnight scores
Clint Woods to third
Claudio Morán to second
1-0: Ground out 6-3 (Groundball, 56)
Batting: RHB Dave McGrath 0-0: Called Strike
0-1: Swinging Strike
0-2: Foul Ball, location: 2F
0-2: Ball
1-2: Ball
2-2: Foul Ball, location: 2F
2-2: Ball
3-2: Foul Ball, location: 2F
3-2: Foul Ball, location: 2F
3-2: Foul Ball, location: 2F
3-2: Base on Balls
Batting: RHB Lance Wolf 0-0: Swinging Strike
0-1: Foul Ball, location: 2F
0-2: Foul Ball, location: 2F
0-2: Ball
1-2: Fly out, F7 (Flyball, 78M)
Top of the 9th over - 1 run(s), 0 hit(s), 0 error(s), 3 left on base; West Virginia 6 - Memphis 5
BOTTOM OF THE 9TH
Memphis Blues batting - Pitching for West Virginia Power : RHP Steve Snyder
Pitching: RHP Mike Frank
Pinch Hitting: RHB Lorenzo Mota 0-0: SINGLE (Groundball, 56) (infield hit)
Batting: RHB Jorge Domínguez 0-0: Sac Bunt - play at first, batter OUT! 1-4
Lorenzo Mota to second
Batting: RHB Dave Wookey 0-0: Ball
1-0: Called Strike
1-1: Ball
2-1: Ball
3-1: Base on Balls
Batting: SHB Terry Dailey 0-0: Ball
1-0: 3-RUN HOME RUN (Flyball, 9D), Distance : 383 ft
Thursday, March 30th, 2017 - OOTP Baseball 17.12 Build 75